 Dungeon Sprint DCSS version 0.20-a0-820-g557356e (webtiles) character file.

124 esc the Skirmisher (level 5, -21/48 HPs)
             Began as a Vine Stalker Berserker on Mar 4, 2017.
             Was a Priest of Trog.
             Demolished by an earth elemental (35 damage)
             ... summoned by a deep elf mage
             ... in the Dungeon (Sprint III: "The Ten Rune Challenge").
             The game lasted 00:01:21 (237 turns).

esc the Skirmisher (Vine Stalker Berserker)          Turns: 237, Time: 00:01:22

Health: -21/48     AC:  2    Str: 25    XL:     5   Next: 8%
Magic:  0/6        EV: 14    Int:  7    God:    Trog [***...]
Gold:   30         SH:  0    Dex: 14    Spells: 4/4 levels left

rFire    . . .     SeeInvis .   a - +0 falchion
rCold    . . .     Gourm    .   b - +0 animal skin
rNeg     . . .     Faith    .   (no shield)
rPois    .         Spirit   +   (no helmet)
rElec    .         Reflect  .   (no cloak)
rCorr    .         Harm     .   (no gloves)
MR       .....     NoTele   +   (no boots)
Stlth    ..........             (no amulet)
Regen    0.6/turn               (no ring)
MPRegen  0.1/turn               (no ring)

@: berserking, very quick
A: fangs 2, regeneration 1, magic shield, antimagic bite, no potion heal 3, rot
immunity
a: Berserk, Trog's Hand, Burn Spellbooks, Renounce Religion


You were in the Dungeon.
You worshipped Trog.
Trog was most pleased with you.
You were hungry.

You visited 1 branch You collected 30 gold pieces.

Inventory:

Hand Weapons
 a - a +0 falchion (weapon)
Armour
 b - a +0 animal skin (worn)
Wands
 k - a wand of digging (8/24)
   (You took it off Jessica in the Dungeon)
Scrolls
 i - a scroll of blinking {!r}
 l - 2 scrolls of immolation {unknown}
 m - 3 scrolls of identify
 n - a scroll of remove curse {unknown}
 r - a scroll of enchant weapon {unknown}
Potions
 d - a potion of curing
 e - a potion of heal wounds
 f - a potion of haste
 g - 2 potions of magic
 h - a potion of berserk rage {!q}
 p - 3 potions of flight
 q - 6 potions of mutation {!q}
Comestibles
 c - 2 bread rations {@e1}
 o - a royal jelly
 s - 2 fruits


   Skills:
 + Level 5.7 Fighting
 + Level 5.7 Long Blades
 - Level 1.5 Armour
 + Level 4.8 Dodging


You had 4 spell levels left.
You didn't know any spells.

Dungeon Overview and Level Annotations

Branches:
Dungeon (1/1)

Altars:
Elyvilon
Zin
The Shining One


Innate Abilities, Weirdness & Mutations

You have extremely sharp teeth.
Your natural rate of healing is unusually fast.
When hurt, damage is shared between your health and your magic reserves.
Your bite disrupts and absorbs the magic of your enemies.
Potions cannot restore your health.
You are immune to rotting.


Message History

MP restored: 4 You barely miss the human.
You barely miss the human. The human hits you.
You take 4 damage, and have 11/31 hp.
You slash the human!
You feel the power of Trog in you as your rage grows.
You kill the human!
Trog accepts your kill.
Your Long Blades skill increases to level 5!
Your Dodging skill increases to level 4!
You have reached level 4!
You feel agile.
You begin to heal more quickly.
You regained 3 hp, and now have 14/39 hp.
MP restored: 5 You feel a strong urge to attack something.
You feel your anger subside.
You are no longer berserk.
You are exhausted.
You feel yourself slow down.
You now have 11/26 hp.
You open the door.
There is an open door here.
You now have 15 gold pieces.
You regained 2 hp, and now have 14/26 hp.
l - a scroll labeled KATOQA QA WEMU;
m - a scroll labeled ONIBAA ELAORR
n - a scroll labeled BEORUC ORAYDI;
o - a royal jelly;
p - 2 potions of flight
Things that are here:
a potion of mutation {!q}; 2 potions of mutation {!q}
q - a potion of mutation {!q}
q - 3 potions of mutation {!q} (gained 2)
q - 5 potions of mutation {!q} (gained 2)
l - 2 scrolls labeled KATOQA QA WEMU (gained 1)
m - 3 scrolls of identify (gained 2);
r - a scroll labeled KEM IKITWI
s - 2 fruits
q - 6 potions of mutation {!q} (gained 1)
p - 3 potions of flight (gained 1)
You now have 30 gold pieces (gained 15).
You regained 2 hp, and now have 19/26 hp.
You start resting.
Health restored: 26
There is an open door here.
You start waiting.
You feel yourself speed up.
You start waiting.
You feel less exhausted.
You open the door.
A water elemental comes into view.
The water elemental moves out of view.
A red film seems to cover your vision as you go berserk!
You feel yourself moving faster!
You feel mighty!
You feel quite a bit more hungry.
You now have 39/39 hp.
You slice the water elemental!! The water elemental misses you.
You slash the water elemental!
You destroy the water elemental!
Trog accepts your kill.
Your Fighting skill increases to level 5!
You have reached level 5!
Health restored: 48; MP restored: 6 You feel a strong urge to attack something.
There is an open door to the Ecumenical Temple here.
Unknown command.
You start waiting.
You feel your anger subside.
You are no longer berserk.
You are exhausted.
You feel yourself slow down.
You now have 32/32 hp.
You start waiting.
You feel yourself speed up.
Unknown command.
You start waiting.
You feel less exhausted.
All of the chunks of flesh in your inventory have rotted away.
You open the door.
A deep elf mage comes into view.
It is wielding a long sword of holy wrath.
The deep elf mage shouts!
The deep elf mage picks up a potion of curing.
Found three altars.
The deep elf mage gestures at you while chanting.
The bolt of magma hits you!
Ouch! That really hurt!
There is an open door here.
You take 17 damage, and have 15/32 hp.
MASSIVE DAMAGE!!
You now have 3/6 mp.
The deep elf mage gestures wildly while chanting.
You hit the deep elf mage. Your bite misses the deep elf mage.
The deep elf mage hits you with a long sword of holy wrath!
* * * LOW HITPOINT WARNING * * *
You take 7 damage, and have 9/32 hp.
MASSIVE DAMAGE!!
You now have 2/6 mp.
A red film seems to cover your vision as you go berserk!
You feel yourself moving faster!
You feel mighty!
You are feeling hungry.
The deep elf mage barely misses you.
You riposte.
You closely miss the deep elf mage. The earth elemental barely misses you.
The earth elemental hits you!!!
Ouch! That really hurt!
You die...

▓▓▓▓▓ ▓▓▓ #)..####
##.#####
#......#####..#_E_#
#....÷..#..#..#e@.#
##.##...#..#..###E#+###+##
##.###..##'#..#..........#
###.##..###...'.⌠........#
#..##..####...#...######+#
...##).###....#.⌠.#
..##...##.....#...#
.##....#......#+###
###..##.#.....#


You could see 2 earth elementals and a deep elf mage.

Vanquished Creatures
  A water elemental (D)
  Jessica (D)
  A human (D)
  A wolf (D)
  2 oozes (D)
  A rat (D)
7 creatures vanquished.

Vanquished Creatures (others)
  2 draconian scorchers (D)
  6 hellions (D)
  3 plants (D)
11 creatures vanquished.

Grand Total: 18 creatures vanquished

Notes
Turn   | Place    | Note
-------+----------+-------------------------------------------
     0 | D        | esc the Vine Stalker Berserker began the quest for the Orb.
     0 | D        | Reached XP level 1. HP: 11/11 MP: 2/2
     9 | D        | Reached skill level 3 in Fighting
     9 | D        | Reached skill level 3 in Long Blades
     9 | D        | Reached skill level 2 in Dodging
    15 | D        | Reached XP level 2. HP: 16/16 MP: 3/3
    31 | D        | Reached ** piety under Trog
    36 | D        | Noticed Jessica
    43 | D        | Killed Jessica
    43 | D        | Reached skill level 4 in Fighting
    43 | D        | Reached skill level 4 in Long Blades
    43 | D        | Reached skill level 3 in Dodging
    43 | D        | Reached XP level 3. HP: 15/21 MP: 4/4
    91 | D        | Killed a hellion
    91 | D        | Killed a hellion
    91 | D        | Killed a hellion
    92 | D        | Killed a hellion
    93 | D        | Killed a hellion
    98 | D        | Killed a hellion
   132 | D        | Reached *** piety under Trog
   132 | D        | Reached skill level 5 in Long Blades
   132 | D        | Reached skill level 4 in Dodging
   132 | D        | Gained mutation: Your natural rate of healing is unusually fast. [Vine Stalker growth]
   132 | D        | Reached XP level 4. HP: 14/26 MP: 5/5
   140 | D        | Killed a white draconian scorcher
   145 | D        | Killed a white draconian scorcher
   182 | D        | Noticed a water elemental
   186 | D        | Killed a water elemental
   186 | D        | Reached skill level 5 in Fighting
   186 | D        | Reached XP level 5. HP: 32/32 MP: 6/6
   233 | D        | Found a glowing silver altar of Zin.
   233 | D        | Found a glowing golden altar of the Shining One.
   233 | D        | Found a white marble altar of Elyvilon.
   233 | D        | Noticed a deep elf mage
   237 | D        | Demolished by an earth elemental

Vault maps used:
D:        dungeon_sprint_mu

Skill      XL: |  1  2  3  4 |
---------------+-------------+-----
Fighting       | 3 4 5 |  5.7
Long Blades    | 3 4 5 |  5.7
Dodging        | 2 3 4 |  4.8
Armour         | |  1.5

Action                   |  1- 3 |  4- 6 || total
-------------------------+-------+-------++-------
Melee: Falchion          |    23 |     3 ||    26
       Bite              |     9 |       ||     9
Invok: Berserk           |     1 |     2 ||     3
 Stab: Sleeping          |     1 |       ||     1
Armor: Animal skin       |     1 |       ||     1
Dodge: Dodged            |    10 |     3 ||    13
       Rpst.: Falchion   |     4 |     1 ||     5

Vault maps used:
D:        dungeon_sprint_mu

Table legend:
 A = Turns spent in this place as a percentage of turns spent in the entire game.
 B = Non-inter-level travel turns spent in this place as a percentage of non-inter-level travel turns spent in the entire game.
 C = Inter-level travel turns spent in this place as a percentage of turns spent in this place.
 D = Turns resting spent in this place as a percentage of non-inter-level travel turns spent in this place.
 E = Turns spent auto-exploring this place as a percentage of non-inter-level travel turns spent in this place.
 F = Non-inter-level travel turns spent in this place divided by the number of levels of this place that you've seen.
                   A       B       C       D       E      F
               +-------+-------+-------+-------+-------+----------------------
         Total | 100.0 | 100.0 |   0.0 |  11.8 |   0.0 | 110.0
       Dungeon | 100.0 | 100.0 |   0.0 |  11.8 |   0.0 | 110.0
               +-------+-------+-------+-------+-------+----------------------

Table legend:
 A = Kills in this place as a percentage of kills in entire the game.
 B = Kills by you in this place as a percentage of kills by you in the entire game.
 C = Kills by friends in this place as a percentage of kills by friends in the entire game.
 D = Other kills in this place as a percentage of other kills in the entire game.
 E = Experience gained in this place as a percentage of experience gained in the entire game.
 F = Experience gained in this place divided by the number of levels of this place that you have seen.
                   A       B       C       D       E      F
               +-------+-------+-------+-------+-------+----------------------
         Total | 100.0 | 100.0 |  -nan |  -nan | 100.0 | 178.0
       Dungeon | 100.0 | 100.0 |  -nan |  -nan | 100.0 | 178.0
               +-------+-------+-------+-------+-------+----------------------
